 Dungeon Sprint DCSS version bcrawl-1.20.1-3-gdcb1fc31ed (webtiles) character file.

Game seed: 6125368411575363947

9135 Freyura the Basher (level 11, -3/95 HPs)
             Began as a Formicid Fighter on Jan 28, 2020.
             Was the Champion of Makhleb.
             Killed by divine providence
             ... invoked by an orc priest
              (14 damage)
             ... in the Dungeon (Sprint IX: "|||||||||||||||||||||||||||||").
             The game lasted 00:10:16 (1346 turns).

Freyura the Basher (Formicid Fighter)               Turns: 1346, Time: 00:10:17

Health: -3/95      AC:  9    Str: 23    XL:     11   Next: 68%
Magic:  19/19      EV: 15    Int:  8    God:    Makhleb [******]
Gold:   1257       SH: 13    Dex: 13    Spells: 10/10 levels left

rFire    . . .     SeeInvis +   p - +2 morningstar (protect)
rCold    . . .     Gourm    .   c - +0 shield
rNeg     . . .     Faith    .   b - +0 scale mail
rPois    +         Spirit   .   (helmet unavailable)
rElec    .         Reflect  .   j - +1 cloak {rPois}
rCorr    .         Harm     .   (no gloves)
MR       +....                  q - +1 pair of boots
Stlth    ..........             (no amulet)
HPRegen  0.25/turn              s - +2 ring of protection
MPRegen  0.16/turn              (no ring)

@: corroded
A: permanent stasis, dig shafts and tunnels, four strong arms, antennae 3,
deformed body, strong 1, subdued magic 1, MP-powered wands
a: Dig, Minor Destruction, Lesser Servant of Makhleb, Major Destruction, Greater
Servant of Makhleb, Renounce Religion


You were in the Dungeon.
You worshipped Makhleb.
Makhleb was exalted by your worship.
You were not hungry.

You visited 1 branch You collected 1257 gold pieces.

Inventory:

Hand Weapons
 p - a +2 morningstar of protection (weapon)
Armour
 b - a +0 scale mail (worn)
 c - a +0 shield (worn)
 j - a +1 cloak of poison resistance (worn)
 q - a +1 pair of boots (worn)
Jewellery
 s - a +2 ring of protection (left hand)
Wands
 o - a wand of acid (8)
Scrolls
 m - 3 scrolls of remove curse
 n - 3 scrolls of amnesia
 r - 2 scrolls of identify
 t - a scroll of fear
Potions
 a - 2 potions of brilliance
 f - 7 potions of curing
 i - 4 potions of magic
 l - a potion of invisibility
Comestibles
 e - 11 rations {!d}


   Skills:
 + Level 12.0 Fighting
 * Level 14.6 Maces & Flails
 + Level 12.0 Armour
 + Level 9.8 Dodging
 + Level 12.9 Shields
 + Level 11.7 Invocations


You had 10 spell levels left.
You didn't know any spells.
Your spell library was empty.

Dungeon Overview and Level Annotations

Branches:
Dungeon (1/1)

Altars:
Cheibriados
Dithmenos
Elyvilon
Fedhas
Gozag
Hepliaklqana
Kikubaaqudgha
Lugonu
Makhleb
Nemelex Xobeh
Okawaru
Qazlal
Ru
Sif Muna
Trog
Uskayaw
Vehumet
Wu Jian
Xom
Yredelemnul
Zin
The Shining One
Beogh
Jiyva

Shops:
D *


Innate Abilities, Weirdness & Mutations

You cannot be hasted, slowed, berserked, paralysed or teleported.
You can dig through walls and to a lower floor.
Your four strong arms can wield two-handed weapons with a shield.
You have a pair of large antennae on your head. (SInv)
Armour fits poorly on your strangely shaped body.
Your muscles are strong. (Str +2)
Your spells are a little easier to cast, but a little less powerful.
You expend magic power (3 MP) to strengthen your wands.


Message History

Your cacodemon hits the rust devil but does no damage.
Your cacodemon completely misses the rust devil.
The rust devil hits your cacodemon! The rust devil corrodes your cacodemon!
The orc priest calls down the wrath of Beogh upon you.
Beogh smites you!
* * * LOW HITPOINT WARNING * * *
Your cacodemon hits the rust devil!
The rust devil dies!
The orc high priest mumbles some strange prayers to Beogh.
Send 'em back where they came from!
Your cacodemon shudders.
The orc priest invokes the aid of Beogh against you.
Beogh smites you!
* * * LOW HITPOINT WARNING * * *
The orc high priest hits your cacodemon with a +0 mace.
Your cacodemon hits the orc high priest!!
Your cacodemon hits the orc high priest but does no damage.
The orc priest mumbles some strange prayers to Beogh against you.
Beogh smites you!
You die...

__________________'..|)..[).).)..
▓▓▓▓▓▓▓▓▓▓▓▓▓▓▓▓▓▓▓▓▓▓▓▓▓▓▓▓▓▓▓▓▓
.................................
▓▓▓▓▓▓▓▓▓▓▓▓▓▓▓▓▓▓▓▓▓▓▓▓▓▓▓▓▓▓▓▓▓
........†.........'††......).()'.
▓▓▓▓▓▓▓▓▓▓▓▓▓▓▓▓▓▓▓▓▓▓▓▓▓▓▓▓▓▓▓▓▓
.................................
▓▓▓▓▓▓▓▓▓▓▓▓▓▓▓▓▓▓▓▓▓▓▓▓▓▓▓▓▓▓▓▓▓
....')))))......@2oooooo. { { {{{
▓▓▓▓▓▓▓▓▓▓▓▓▓▓▓▓▓▓▓▓▓▓▓▓▓ {


{{{{{{{{{{{{{ You could see 2 orc high priests, 4 orc priests and a friendly
cacodemon.

Vanquished Creatures
  A hydra (D)
  A catoblepas (D)
  An orc high priest (D)
  A cyclops (D)
  An orc knight (D)
  An orc sorcerer (D)
  A manticore (D)
  A black mamba (D)
  3 cane toads (D)
  A komodo dragon (D)
  4 polar bears (D)
  A hippogriff (D)
  A blink frog (D)
  A yak (D)
  2 water moccasins (D)
  2 crocodiles (D)
  A porcupine (D)
  10 orc warriors (D)
  A sky beast (D)
  4 black bears (D)
  2 ogres (D)
  A centaur (D)
  3 bullfrogs (D)
  A wight (D)
  4 orc priests (D)
  3 orc wizards (D)
  A worker ant (D)
  A leopard gecko (D)
  10 orcs (D)
  2 bat skeletons (D)
  3 bats (D)
  2 jackal zombies (D)
  A kobold (D)
73 creatures vanquished.

Vanquished Creatures (others)
  A komodo dragon (D)
1 creature vanquished.

Grand Total: 74 creatures vanquished

Notes
Turn   | Place    | Note
-------+----------+-------------------------------------------
     0 | D        | Freyura the Formicid Fighter began the quest for the Orb.
     0 | D        | Reached XP level 1. HP: 18/18 MP: 1/1
    20 | D        | Reached skill level 1 in Dodging
    20 | D        | Reached XP level 2. HP: 21/25 MP: 2/2
    57 | D        | Noticed a centaur
    62 | D        | Killed a centaur
    62 | D        | Reached skill level 5 in Fighting
    62 | D        | Reached skill level 5 in Maces & Flails
    62 | D        | Reached skill level 5 in Shields
    62 | D        | Reached XP level 3. HP: 30/33 MP: 3/3
    62 | D        | Reached XP level 4. HP: 35/39 MP: 4/4
    65 | D        | Reached skill level 5 in Armour
    65 | D        | Reached XP level 5. HP: 36/44 MP: 5/5
    69 | D        | Reached skill level 6 in Maces & Flails
    78 | D        | Found a roughly hewn altar of Beogh.
    78 | D        | Found a snail-covered altar of Cheibriados.
    78 | D        | Found a shadowy altar of Dithmenos.
    78 | D        | Found a white marble altar of Elyvilon.
    78 | D        | Found a blossoming altar of Fedhas.
    78 | D        | Found an opulent altar of Gozag.
    79 | D        | Found a hazy altar of Hepliaklqana.
    80 | D        | Found a viscous altar of Jiyva.
    81 | D        | Found an ancient bone altar of Kikubaaqudgha.
    82 | D        | Found a corrupted altar of Lugonu.
    83 | D        | Found a burning altar of Makhleb.
    84 | D        | Found a sparkling altar of Nemelex Xobeh.
    85 | D        | Found an iron altar of Okawaru.
    86 | D        | Found a stormy altar of Qazlal.
    87 | D        | Found a sacrificial altar of Ru.
    88 | D        | Found a shimmering blue altar of Sif Muna.
    89 | D        | Found a bloodstained altar of Trog.
    90 | D        | Found a hide-covered altar of Uskayaw.
    91 | D        | Became a worshipper of Makhleb the Destroyer
    92 | D        | Found a radiant altar of Vehumet.
    93 | D        | Found an ornate altar of the Wu Jian Council.
    94 | D        | Found a shimmering altar of Xom.
    95 | D        | Found a basalt altar of Yredelemnul.
    96 | D        | Found a glowing silver altar of Zin.
    97 | D        | Found a glowing golden altar of the Shining One.
   143 | D        | Noticed an ogre
   143 | D        | Noticed a manticore
   143 | D        | Noticed a sky beast
   143 | D        | Noticed an ogre
   143 | D        | Noticed an orc warrior
   145 | D        | Killed an ogre
   145 | D        | Reached skill level 7 in Maces & Flails
   145 | D        | Reached XP level 6. HP: 48/52 MP: 5/7
   154 | D        | Killed a manticore
   154 | D        | Reached skill level 9 in Maces & Flails
   154 | D        | Reached skill level 5 in Dodging
   154 | D        | Reached skill level 5 in Invocations
   154 | D        | Reached XP level 7. HP: 24/60 MP: 6/10
   165 | D        | Reached * piety under Makhleb
   170 | D        | Reached XP level 8. HP: 31/68 MP: 8/12
   180 | D        | Reached ** piety under Makhleb
   361 | D        | Noticed a cyclops
   361 | D        | Noticed a hippogriff
   369 | D        | Killed a cyclops
   369 | D        | Reached skill level 10 in Maces & Flails
   377 | D        | Reached XP level 9. HP: 75/75 MP: 14/14
   385 | D        | Killed a hippogriff
   387 | D        | Reached *** piety under Makhleb
   516 | D        | Gained mutation: You expend magic power (3 MP) to
                  | strengthen your wands. [potion of mutation]
   516 | D        | Gained mutation: Armour fits poorly on your strangely
                  | shaped body. [potion of mutation]
   516 | D        | Gained mutation: Your spells are a little easier to cast,
                  | but a little less powerful. [potion of mutation]
   516 | D        | Gained mutation: Your muscles are strong. (Str +2) [potion
                  | of mutation]
   517 | D        | Noticed a cane toad
   517 | D        | Noticed a cane toad
   523 | D        | Reached skill level 11 in Maces & Flails
   534 | D        | Reached **** piety under Makhleb
   534 | D        | Reached skill level 10 in Shields
   542 | D        | Killed a cane toad
   548 | D        | Killed a cane toad
   561 | D        | Reached ***** piety under Makhleb
   561 | D        | Reached skill level 12 in Maces & Flails
   563 | D        | Reached XP level 10. HP: 80/85 MP: 16/16
   572 | D        | Reached skill level 10 in Fighting
   572 | D        | Reached skill level 10 in Armour
   607 | D        | Noticed a komodo dragon
   607 | D        | Noticed a catoblepas
   607 | D        | Noticed a komodo dragon
   610 | D        | Noticed a cane toad
   611 | D        | Killed a komodo dragon
   615 | D        | Noticed a five-headed hydra
   616 | D        | Noticed a black mamba
   647 | D        | HP: 1/85 [catoblepas (5)]
   652 | D        | Killed a catoblepas
   671 | D        | Killed a komodo dragon
   676 | D        | Killed a five-headed hydra
   676 | D        | Reached skill level 13 in Maces & Flails
   676 | D        | Reached skill level 10 in Invocations
   681 | D        | Killed a cane toad
   690 | D        | Killed a black mamba
   690 | D        | Reached ****** piety under Makhleb
   690 | D        | Reached XP level 11. HP: 66/93 MP: 18/18
   960 | D        | Noticed an orc sorcerer
   966 | D        | Killed an orc sorcerer
   966 | D        | Reached skill level 14 in Maces & Flails
  1168 | D        | Noticed an orc knight
  1200 | D        | Killed an orc knight
  1326 | D        | Found Ovaawn Wyam's General Store.
  1326 | D        | Noticed an orc high priest
  1326 | D        | Noticed an orc high priest
  1326 | D        | Noticed an orc high priest
  1334 | D        | Killed an orc high priest
  1346 | D        | Killed from afar by an orc priest

Skill      XL: |  1  2  3  4  5  6  7  8  9 10 11 |
---------------+----------------------------------+-----
Dodging        | 1 2 3 4 5 6 7 8 9 |  9.8
Shields        | 4 5 6 8 9 10 11 12 | 12.9
Fighting       | 5 6 7 8 9 11 12 | 12.0
Maces & Flails | 5 7 9 10 12 13 14 | 14.6
Armour         | 4 5 6 7 8 9 11 12 | 12.0
Invocations    | 2 5 7 8 10 11 | 11.7

Action                   |  1- 3 |  4- 6 |  7- 9 | 10-12 || total
-------------------------+-------+-------+-------+-------++-------
Melee: Flail             |    22 |     9 |       |       ||    31
       Morningstar       |       |    10 |    97 |   183 ||   290
Invok: Greater Servant o |       |       |       |     1 ||     1
Evoke: Wand              |       |       |       |     2 ||     2
  Use: Scroll            |       |       |     2 |       ||     2
       Potion            |       |       |     1 |     4 ||     5
  Eat: Ration            |       |       |       |     1 ||     1
Armor: Scale mail        |    11 |    15 |    27 |    51 ||   104
Dodge: Dodged            |     9 |    11 |    26 |    64 ||   110
Block: Shield            |    14 |    17 |    49 |    90 ||   170
